 Dungeon Crawl Stone Soup version 0.26.0-10-g1f06aea511 (webtiles) character file.

Game seed: 13430272532715597495

507 MisterFreud the Grappler (level 6, -4/59 HPs)
             Began as a Troll Monk on Jan 14, 2021.
             Slain by a centaur (6 damage)
             ... on level 6 of the Dungeon.
             The game lasted 00:01:42 (1290 turns).

MisterFreud the Grappler (Troll Monk)               Turns: 1290, Time: 00:01:43

Health: -4/59      AC:  6    Str: 21    XL:     6   Next: 97%
Magic:  5/5        EV: 10    Int:  7    God:
Gold:   50         SH:  0    Dex: 12    Spells: 5/5 levels left

rFire    . . .     SeeInvis .     - Unarmed
rCold    . . .     Faith    .   (no shield)
rNeg     . . .     Spirit   .   a - +0 robe
rPois    .         Reflect  .   (helmet restricted)
rElec    .         Harm     .   (no cloak)
rCorr    .         Rampage  .   (gloves unavailable)
Will     .....                  (boots unavailable)
Stlth    ++........             (no amulet)
HPRegen  0.59/turn              (no ring)
MPRegen  0.09/turn              (no ring)

@: no status effects
A: large, unfitting armour, claws 3, regeneration 1, shaggy fur 1, tough skin 3
a: no special abilities


You were on level 6 of the Dungeon.
You visited 2 branches of the dungeon, and saw 8 of its levels.

You collected 50 gold pieces.

Inventory:

Armour
 a - a +0 robe (worn)
Jewellery
 f - an uncursed ring of willpower {unknown}
Wands
 i - a wand of acid (6)
Scrolls
 b - a scroll of identify {unknown}
 e - 3 scrolls of fear {unknown}
 g - a scroll of teleportation {unknown}
 h - a scroll of fog {unknown}
 j - a scroll of remove curse {unknown}
Potions
 c - a potion of mutation {unknown}
 d - a potion of invisibility {unknown}


   Skills:
 - Level 2.4 Fighting
 - Level 2.4 Dodging
 - Level 1.0 Stealth
 + Level 8.0 Unarmed Combat


You had 5 spell levels left.
You didn't know any spells.
Your spell library was empty.

Dungeon Overview and Level Annotations

Branches:
Dungeon (7/15)             Temple (1/1) D:6

Altars:
Cheibriados

Annotations:
D:7 Dowan, Duvessa, Pikel


Innate Abilities, Weirdness & Mutations

You are too large for most types of armour.
You have claws for hands.
Your natural rate of healing is unusually fast.
You are covered in fur. (AC +1)
You have extremely tough skin. (AC +3)


Message History

The centaur shoots an arrow.
The arrow closely misses you.
You are too injured to fight recklessly!
The centaur shoots an arrow.
The arrow hits you!
* * * LOW HITPOINT WARNING * * *
Found a runed dagger.
You see here an arrow.
The centaur unwields a +0 shortbow.
The centaur hits you.
* * * LOW HITPOINT WARNING * * *
You see here an arrow.
You claw the centaur!
The centaur is heavily wounded.
The centaur misses you. The centaur barely misses you.
You claw the centaur!
The centaur is almost dead.
The centaur hits you.
* * * LOW HITPOINT WARNING * * *
You scratch the centaur.
The centaur is almost dead.
The centaur hits you.
You die...

...#.). ...........
.........# . #
##.......###..
#^#)............
#..........?...
###c...........
#.@..........<.####
#...((((..........#
#.<..#...###.......
##.(.....# #...##
##..)..######....#
#.............###
#...#.........#.#
###.#............
##....#......##


You could see a centaur.

Vanquished Creatures
  Eustachio (D:6)
  An ogre (D:5)
  A centaur (D:5)
  A hound (D:6)
  An orc priest (D:5)
  A jelly (D:5)
  An orc wizard (D:5)
  An iguana (D:5)
  A worker ant (D:5)
  An adder (D:6)
  An adder skeleton (D:5)
  2 leopard geckos
  2 orcs (D:5)
  A ball python (D:5)
  2 bats (D:1)
  3 goblins (D:1)
  4 hobgoblins (D:1)
  4 jackals
  3 frilled lizards (D:1)
  A jackal zombie (D:5)
  3 kobolds (D:1)
  4 rats
40 creatures vanquished.

Notes
Turn   | Place    | Note
-------+----------+-------------------------------------------
     0 | D:1      | MisterFreud the Troll Monk began the quest for the Orb.
     0 | D:1      | Reached XP level 1. HP: 22/22 MP: 0/0
   201 | D:1      | Reached XP level 2. HP: 29/29 MP: 1/1
   662 | D:1      | Reached skill level 4 in Unarmed Combat
   889 | D:5      | Entered Level 5 of the Dungeon
   894 | D:5      | Reached XP level 3. HP: 36/36 MP: 2/2
   911 | D:5      | Noticed an ogre
   918 | D:5      | Killed an ogre
   919 | D:5      | Reached skill level 5 in Unarmed Combat
   919 | D:5      | Reached XP level 4. HP: 23/44 MP: 3/3
   964 | D:5      | Noticed a centaur
   971 | D:5      | Killed a centaur
   972 | D:5      | Reached skill level 6 in Unarmed Combat
   972 | D:5      | Reached XP level 5. HP: 33/50 MP: 4/4
  1137 | D:5      | Reached XP level 6. HP: 31/59 MP: 5/5
  1140 | D:5      | Reached skill level 7 in Unarmed Combat
  1188 | D:6      | Found a staircase to the Ecumenical Temple.
  1188 | D:6      | Noticed Eustachio
  1197 | D:6      | Killed Eustachio
  1204 | Temple   | Entered the Ecumenical Temple
  1214 | D:7      | Noticed Duvessa
  1214 | D:7      | Noticed Dowan
  1224 | D:7      | Noticed Pikel
  1277 | D:6      | Reached skill level 8 in Unarmed Combat
  1289 | D:6      | HP: 2/59 [centaur (6)]
  1290 | D:6      | Slain by a centaur

Illustrated notes

Levels and vault maps discovered:
D:1:      lemuel_arrival_behind_the_door_small, layout_basic
D:2:      layout_basic
D:3:      layout_basic, vehumet_crystals, chequers_ecumenical_altar_grove,
          chequers_serial_rivers_marsh, st_stairs_13,
          chequers_serial_rivers_micro_a, minmay_starry_boxes
D:4:      layout_basic, lemuel_coloured_pillars_altar, kennysheep_nondescript,
          chequers_big_river, uniq_robin
D:5:      layout_basic, general_overflow_altar, kennysheep_generic_room_9,
          uniq_menkaure, uniq_grinder
D:6:      layout_cave_pools, temple_fountains, minmay_unpleasant_kobolds,
          uniq_eustachio, uniq_sigmund
D:7:      layout_cave_pools, gammafunk_ghost_berserking_beasts,
          minmay_misc_feat_secret_circle, grunt_decor_fettered, uniq_joseph,
          uniq_pikel, uniq_duvessa
Temple:   eino_wide_crystal_templ

Skill      XL: |  1  2  3  4  5  6 |
---------------+-------------------+-----
Unarmed Combat | 4 5 6 8 |  8.0
Fighting       | |  2.4
Dodging        | |  2.4
Stealth        | |  1.0

Action                   |  1- 3 |  4- 6 || total
-------------------------+-------+-------++-------
Melee: Unarmed           |    39 |    52 ||    91
       Punch             |       |     4 ||     4
 Stab: Sleeping          |     3 |       ||     3
Armor: Robe              |     6 |    14 ||    20
Dodge: Dodged            |    15 |    21 ||    36
